[Event "Team 45 45 League T91"]
[Site "Internet Chess Club"]
[Date "2022.01.29"]
[Round "3"]
[White "ElValero"]
[Black "BuddyT"]
[Result "1-0"]
[WhiteElo "1669"]
[BlackElo "1539"]
[Opening "QGD: Ragozin variation"]
[ECO "D38"]
[Time "13:02:09"]
[PlyCount "97"]
[TimeControl "2700+45"]

1. Nf3 Nf6 2. c4 e6 3. d4 d5 4. Nc3 Bb4 5. Bg5 h6 6. Bxf6 Qxf6 7. e3 O-O 8. Rc1
Nd7 9. a3 Bxc3+ 10. Rxc3 dxc4 11. Bxc4 Nb6 12. Bb3 c6 13. O-O Nd5 14. Bxd5 exd5
15. Ne5 Bf5 16. b4 Rac8 17. Qf3 Qe6 18. Rfc1 Be4 19. Qe2 f6 20. Nd3 Bxd3 21.
Qxd3 f5 22. b5 f4 23. exf4 Rxf4 24. bxc6 bxc6 25. g3 Re4 26. f3 Re2 27. R3c2 Re3
28. Qa6 Rxf3 29. Kg2 Re3 30. Rf2 Qe4+ 31. Kg1 Re1+ 32. Rxe1 Qxe1+ 33. Kg2 Qe4+
34. Kg1 Rc7 35. Qa5 Qb1+ 36. Kg2 Qb6 37. Qc3 Rf7 38. Rxf7 Kxf7 39. Qe3 Qb2+ 40.
Kh3 Qb1 41. Qf4+ Kg8 42. Qe5 Qf1+ 43. Kg4 Qd1+ 44. Kf5 Qh5+ 45. Ke6 Qe8+ 46. Kd6
Qb8+ 47. Kxc6 Qxe5 48. dxe5 d4 49. e6 {Black resigns} 1-0

[Event "Team 45 45 League T91"]
[Site "Internet Chess Club"]
[Date "2022.01.26"]
[Round "3"]
[White "mongmong"]
[Black "QuieroAprender"]
[Result "1-0"]
[WhiteElo "1562"]
[BlackElo "1642"]
[Opening "Queen's pawn game"]
[ECO "A46"]
[Time "19:30:51"]
[PlyCount "61"]
[TimeControl "2700+45"]

1. d4 Nf6 2. Nf3 d6 3. c4 c6 4. Nc3 g6 5. e4 Bg4 6. Be2 Nbd7 7. O-O Bxf3 8. Bxf3
e5 9. Be3 Bg7 10. dxe5 Nxe5 11. Be2 O-O 12. f4 Ned7 13. Qxd6 Qa5 14. Qd2 Rad8
15. Qc2 Rfe8 16. e5 Nh5 17. Bxh5 gxh5 18. Rad1 Nf8 19. b3 Ne6 20. Ne4 f6 21. f5
Ng5 22. Nxg5 fxg5 23. Rxd8 Rxd8 24. f6 Qxe5 25. fxg7 Qxe3+ 26. Kh1 Kxg7 27. Qb2+
Qd4 28. Qe2 g4 29. Qe7+ Kh8 30. Rf8+ Rxf8 31. Qxf8# {Black checkmated} 1-0

[Event "Team 45 45 League T91"]
[Site "Internet Chess Club"]
[Date "2022.01.29"]
[Round "3"]
[White "Sloggi"]
[Black "HomerSimpson"]
[Result "1/2-1/2"]
[WhiteElo "1933"]
[BlackElo "2009"]
[Opening "Trompowsky attack (Ruth, Opocenský opening)"]
[ECO "A45"]
[Time "22:03:57"]
[PlyCount "114"]
[TimeControl "2700+45"]

1. d4 Nf6 2. Bg5 d5 3. Bxf6 exf6 4. e3 Bd6 5. c4 dxc4 6. Bxc4 O-O 7. Nc3 f5 8.
Nf3 Nd7 9. O-O c6 10. Rc1 Nf6 11. h3 Qe7 12. d5 Rd8 13. Kh1 Bb4 14. Qd3 Bxc3 15.
Qxc3 Nxd5 16. Bxd5 Rxd5 17. Rfd1 Be6 18. Rxd5 Bxd5 19. a3 Bxf3 20. gxf3 Qh4 21.
Kg2 Re8 22. Qc5 Qf6 23. Rd1 g6 24. Rd7 b6 25. Qd4 Qxd4 26. exd4 a5 27. d5 cxd5
28. Rxd5 Kg7 29. Rb5 Re6 30. a4 f4 31. b4 axb4 32. Rxb4 g5 33. Rb5 f6 34. a5
bxa5 35. Rxa5 Kg6 36. Ra4 Kh5 37. Ra7 h6 38. Rg7 Re1 39. Rg8 Re7 40. Kh2 Rf7 41.
Kg2 Kh4 42. Rg6 Kh5 43. Rg8 Kh4 44. Rg6 h5 45. Rh6 f5 46. Rh8 g4 47. hxg4 fxg4
48. fxg4 f3+ 49. Kh2 Kxg4 50. Rg8+ Kf4 51. Kh3 Rf5 52. Kh4 Ke4 53. Re8+ Kf4 54.
Rg8 Ke4 55. Re8+ Kf4 56. Rg8 Ke4 57. Re8+ Kf4 {Game drawn by repetition} 1/2-1/2

[Event "Team 45 45 League T91"]
[Site "Internet Chess Club"]
[Date "2022.01.27"]
[Round "3"]
[White "Portola"]
[Black "DeepPoo"]
[Result "1/2-1/2"]
[WhiteElo "1747"]
[BlackElo "1586"]
[Opening "Queen's pawn game"]
[ECO "D02"]
[Time "14:45:48"]
[PlyCount "45"]
[TimeControl "2700+45"]

1. d4 d5 2. Nf3 Bf5 3. c3 c6 4. Bf4 Qb6 5. Qb3 Nd7 6. Nbd2 Ngf6 7. h3 e6 8. e3
Be7 9. Be2 Ne4 10. O-O Qxb3 11. axb3 O-O 12. b4 a6 13. Nb3 Bd6 14. Bxd6 Nxd6 15.
Nbd2 Ne4 16. Nxe4 Bxe4 17. Nd2 Bg6 18. f3 Rae8 19. f4 Nf6 20. Bf3 Nd7 21. Rfe1
Nf6 22. Kf2 Nd7 23. g4 {Game drawn by mutual agreement} 1/2-1/2

[Event "Team 45 45 League T91"]
[Site "Internet Chess Club"]
[Date "2022.01.29"]
[Round "3"]
[White "filmdirector"]
[Black "VictorRed"]
[Result "0-1"]
[WhiteElo "1445"]
[BlackElo "1643"]
[Opening "Bishop's opening: Berlin defense"]
[ECO "C24"]
[Time "20:03:21"]
[PlyCount "66"]
[TimeControl "2700+45"]

1. e4 e5 2. Bc4 Nf6 3. d3 Bc5 4. Nf3 d6 5. Be3 Bxe3 6. fxe3 Bg4 7. Nc3 Nc6 8. a3
Qd7 9. h3 Be6 10. Bxe6 Qxe6 11. Ng5 Qd7 12. Rf1 h6 13. Nf3 O-O-O 14. Qd2 Qe6 15.
O-O-O Rd7 16. Kb1 Rhd8 17. g4 d5 18. exd5 Nxd5 19. Nxd5 Rxd5 20. e4 R5d7 21. g5
h5 22. h4 Nd4 23. Qc3 Nxf3 24. Rxf3 Rd4 25. Rdf1 R8d7 26. Qc5 b6 27. Qf8+ Kb7
28. Rxf7 Rxf7 29. Rxf7 Qg4 30. Qe7 Qd1+ 31. Ka2 Qxc2 32. Rxg7 Rxd3 33. Qe8 Qb3+
{White resigns} 0-1

[Event "Team 45 45 League T91"]
[Site "Internet Chess Club"]
[Date "2022.01.30"]
[Round "3"]
[White "zethhon"]
[Black "Signofthetimes"]
[Result "1/2-1/2"]
[WhiteElo "1430"]
[BlackElo "1525"]
[Opening "Queen's pawn"]
[ECO "A40"]
[Time "00:00:46"]
[PlyCount "134"]
[TimeControl "2700+45"]

1. d4 c6 2. Bf4 d5 3. e3 Nf6 4. c4 Bf5 5. Qb3 Qb6 6. c5 Qxb3 7. axb3 a6 8. Nf3
e6 9. Be2 Nbd7 10. h3 Be7 11. O-O O-O 12. b4 Rfc8 13. Ne5 Bd8 14. Nd2 Nxe5 15.
Bxe5 Nd7 16. Bh2 Bc7 17. Nf3 Bxh2+ 18. Kxh2 Rcb8 19. Ra2 Ra7 20. Rfa1 Rba8 21.
b5 cxb5 22. Bxb5 Nb8 23. Ne5 f6 24. Nd7 Nxd7 25. Bxd7 Rd8 26. Bb5 Raa8 27. c6
bxc6 28. Bxc6 Rab8 29. g4 Bd3 30. Ra3 Bc4 31. Rb1 Rb6 32. Ba4 e5 33. b4 Rdb8 34.
Rba1 Rxb4 35. Bc6 R4b6 36. Bd7 e4 37. Ra5 Kf7 38. Kg3 g6 39. f3 exf3 40. Kxf3
Ke7 41. Ba4 f5 42. Kf4 fxg4 43. hxg4 h6 44. e4 Rf8+ 45. Ke3 Re6 46. e5 g5 47.
Rc5 Kf7 48. Bd7 Rb6 49. e6+ Ke7 50. Ra3 Rfb8 51. Rc7 R8b7 52. Rc8 Rb3+ 53. Rxb3
Rxb3+ 54. Kf2 Rb2+ 55. Kg3 Re2 56. Rh8 Bb5 57. Rxh6 Bxd7 58. exd7 Kxd7 59. Rxa6
Re4 60. Rg6 Rxd4 61. Rxg5 Ke6 62. Rf5 Rd3+ 63. Rf3 Rxf3+ 64. Kxf3 Ke5 65. Ke3
d4+ 66. Kd3 Kf4 67. Kxd4 Kxg4 {Game drawn because neither player has mating
material} 1/2-1/2

[Event "Team 45 45 League T91"]
[Site "Internet Chess Club"]
[Date "2022.01.31"]
[Round "3"]
[White "fileman"]
[Black "LookImYourVader"]
[Result "1-0"]
[WhiteElo "1832"]
[BlackElo "1726"]
[Opening "Modern defense"]
[ECO "A40"]
[Time "16:09:35"]
[PlyCount "77"]
[TimeControl "2700+45"]

1. d4 g6 2. Nf3 Bg7 3. g3 d6 4. Bg2 c5 5. c3 Nd7 6. O-O Ngf6 7. Re1 O-O 8. e4
cxd4 9. cxd4 e5 10. Nc3 Re8 11. d5 b5 12. Nxb5 Nc5 13. Nc3 Ba6 14. Bf1 Bxf1 15.
Kxf1 Qa5 16. Qe2 Rab8 17. Rb1 Nfxe4 18. Nxe4 Nxe4 19. Qxe4 f5 20. Qc4 Rec8 21.
Bd2 Rxc4 22. Bxa5 e4 23. Ng5 Ra4 24. Bc7 Rxb2 25. Rxb2 Bxb2 26. Bxd6 Rxa2 27.
Rd1 Bf6 28. Ne6 Ra6 29. Bc7 Kf7 30. Bd8 Be5 31. Bc7 Bf6 32. Nc5 Ra2 33. d6 Rc2
34. Rd5 e3 35. fxe3 Rxh2 36. d7 h5 37. g4 Rc2 38. gxf5 gxf5 39. Rxf5 {Black
resigns} 1-0

[Event "Team 45 45 League T91"]
[Site "Internet Chess Club"]
[Date "2022.01.29"]
[Round "3"]
[White "CPTsopiens"]
[Black "bobhill"]
[Result "1-0"]
[WhiteElo "1777"]
[BlackElo "1862"]
[Opening "Sicilian, Chekhover variation"]
[ECO "B53"]
[Time "17:01:18"]
[PlyCount "153"]
[TimeControl "2700+45"]

1. e4 c5 2. Nf3 d6 3. d4 cxd4 4. Qxd4 Nc6 5. Qe3 g6 6. Be2 Nf6 7. h3 Bg7 8. c4
Nxe4 9. Qxe4 Bf5 10. Qd5 O-O 11. Na3 Nb4 12. Qd2 a5 13. O-O Qb6 14. Bd1 Nd3 15.
Nb5 Qc5 16. a4 Qxc4 17. Be2 Qb4 18. Qxb4 axb4 19. Nfd4 Nxc1 20. Rfxc1 Be4 21.
Ra2 e5 22. Nf3 Rfd8 23. b3 Bc6 24. Rac2 d5 25. Rc5 Bf8 26. R5c2 f6 27. g4 Bh6
28. g5 Bg7 29. h4 d4 30. Bc4+ Kh8 31. gxf6 Bxf6 32. Ng5 Bxg5 33. hxg5 Rf8 34.
Nc7 Rab8 35. Bd5 Bd7 36. Be4 Rf4 37. f3 Bf5 38. Nd5 Bxe4 39. fxe4 Rg4+ 40. Kf2
Rf8+ 41. Nf6 Rxg5 42. Rc8 Rxc8 43. Rxc8+ Kg7 44. Nd5 h5 45. Rc7+ Kf8 46. Rxb7
Rg4 47. Kf3 d3 48. Nxb4 d2 49. Rd7 Rg1 50. Rxd2 g5 51. a5 Rb1 52. Rd3 g4+ 53.
Kg3 Kf7 54. a6 Kg6 55. Nc6 Kg5 56. Nxe5 h4+ 57. Kf2 Rb2+ 58. Ke3 h3 59. Nc4 Ra2
60. Rd5+ Kh4 61. Ra5 h2 62. Rxa2 h1=Q 63. a7 Qg1+ 64. Kf4 Qg3+ 65. Kf5 Qf3+ 66.
Ke5 Qc3+ 67. Kd5 Qd3+ 68. Kc5 Qxe4 69. a8=Q Qe7+ 70. Kd4 Qf6+ 71. Kd3 Qf1+ 72.
Kc3 Qc1+ 73. Kb4 Qe1+ 74. Ka4 g3 75. Qh8+ Kg5 76. Qg7+ Kh5 77. Qe5+ {Black
resigns} 1-0

[Event "Team 45 45 League T91"]
[Site "Internet Chess Club"]
[Date "2022.01.27"]
[Round "3"]
[White "BrianWood"]
[Black "Demachaeron"]
[Result "1/2-1/2"]
[WhiteElo "1482"]
[BlackElo "1706"]
[Opening "QGD semi-Slav"]
[ECO "D43"]
[Time "20:09:05"]
[PlyCount "36"]
[TimeControl "2700+45"]

1. d4 d5 2. c4 c6 3. Nf3 Nf6 4. Nc3 e6 5. Bg5 Be7 6. e3 O-O 7. Qc2 Nbd7 8. Bd3
dxc4 9. Bxc4 b5 10. Be2 a6 11. O-O Bb7 12. Rfd1 Qc7 13. Ne4 Rfe8 14. Bf4 Qb6 15.
Nd6 Red8 16. Rac1 Bxd6 17. Bxd6 Rac8 18. Nd2 Re8 {Game drawn by mutual
agreement} 1/2-1/2

[Event "Team 45 45 League T91"]
[Site "Internet Chess Club"]
[Date "2022.01.30"]
[Round "3"]
[White "ILRE"]
[Black "Rookmaster"]
[Result "1-0"]
[WhiteElo "1622"]
[BlackElo "1483"]
[Opening "Queen's pawn: London system"]
[ECO "A45"]
[Time "07:03:33"]
[PlyCount "117"]
[TimeControl "2700+45"]

1. d4 Nf6 2. Bf4 c6 3. e3 d5 4. Nd2 e6 5. Ngf3 Bd6 6. Bg3 Bxg3 7. hxg3 Nbd7 8.
Bd3 h6 9. Qe2 Qb6 10. Nb3 c5 11. dxc5 Nxc5 12. Nxc5 Qxc5 13. c3 Bd7 14. Rh4 a5
15. Ne5 Bc6 16. Rf4 Rf8 17. Kf1 O-O-O 18. Rd4 Nd7 19. Nxc6 Qxc6 20. Bb5 Qb6 21.
a4 Nc5 22. Qd1 Kb8 23. Rb1 Ne4 24. Qe1 Nd6 25. Be2 Nf5 26. Rd3 e5 27. b4 axb4
28. Rxb4 Qc7 29. Rd1 Rc8 30. Rc1 Qc6 31. Qd2 Rfd8 32. Qb2 Ka8 33. Rb5 Nd6 34.
Rb6 Nc4 35. Bxc4 Qxc4+ 36. Kg1 Rc7 37. a5 d4 38. Rb3 dxe3 39. fxe3 Rd3 40. a6
Qc5 41. Kh2 Qxe3 42. axb7+ Kb8 43. Ra1 Qxg3+ 44. Kh1 Qh4+ 45. Kg1 Rd1+ 46. Rxd1
Qe7 47. Rb5 f6 48. Qb3 Rxb7 49. Rxb7+ Qxb7 50. Qxb7+ Kxb7 51. Rd7+ Kc6 52. Rxg7
f5 53. Rg6+ Kd5 54. Rxh6 Kc4 55. Rh5 Kxc3 56. Rxf5 e4 57. Re5 Kd4 58. Re8 e3 59.
Kf1 {Black resigns} 1-0

[Event "Team 45 45 League T91"]
[Site "Internet Chess Club"]
[Date "2022.01.31"]
[Round "3"]
[White "zugknightly"]
[Black "cyborg86"]
[Result "1/2-1/2"]
[WhiteElo "1945"]
[BlackElo "2298"]
[Opening "English opening"]
[ECO "A10"]
[Time "16:30:23"]
[PlyCount "21"]
[TimeControl "2700+45"]

1. c4 b6 2. Nc3 Bb7 3. e4 e5 4. Nf3 Nc6 5. a3 Nf6 6. Bd3 a5 7. Bc2 Bc5 8. O-O d6
9. d3 h6 10. h3 g5 11. g4 {Game drawn by mutual agreement} 1/2-1/2

[Event "Team 45 45 League T91"]
[Site "Internet Chess Club"]
[Date "2022.01.29"]
[Round "3"]
[White "achessman"]
[Black "Ajolote"]
[Result "0-1"]
[WhiteElo "1820"]
[BlackElo "1999"]
[Opening "English: Neo-Catalan"]
[ECO "A13"]
[Time "22:02:03"]
[PlyCount "69"]
[TimeControl "2700+45"]

1. Nf3 Nf6 2. c4 e6 3. g3 d5 4. b3 d4 5. Bg2 c5 6. e3 Nc6 7. exd4 cxd4 8. O-O
Bd6 9. d3 O-O 10. Na3 e5 11. Re1 Re8 12. Nc2 h6 13. a3 a5 14. Rb1 Bg4 15. h3 Bh5
16. b4 axb4 17. axb4 e4 18. dxe4 Nxe4 19. Bb2 d3 20. Qxd3 Bxg3 21. Qxd8 Bxf2+
22. Kf1 Raxd8 23. Rxe4 Rxe4 24. b5 Rxc4 25. Na3 Rb4 26. Bc3 Rxb1+ 27. Nxb1 Bg3
28. Nfd2 Na7 29. Ba5 Rc8 30. Bxb7 Rb8 31. Ba6 Nxb5 32. Ne4 Bc7 33. Bd2 Bg6 34.
Nbc3 Nxc3 35. Nxc3 {White resigns} 0-1

[Event "Team 45 45 League T91"]
[Site "Internet Chess Club"]
[Date "2022.01.27"]
[Round "3"]
[White "VictorRed"]
[Black "ChessG2011"]
[Result "1-0"]
[WhiteElo "1635"]
[BlackElo "1461"]
[Opening "King's Indian: East Indian defense"]
[ECO "A48"]
[Time "19:02:03"]
[PlyCount "87"]
[TimeControl "2700+45"]

1. Nf3 Nf6 2. d4 g6 3. Nc3 d5 4. g3 Bg7 5. Bg2 O-O 6. O-O Nc6 7. Bf4 Bf5 8. a3
a6 9. Ne5 Nxe5 10. Bxe5 Nd7 11. Bxg7 Kxg7 12. Bxd5 Nf6 13. Bg2 Qd7 14. e4 Bg4
15. f3 Bh3 16. Bxh3 Qxh3 17. e5 Ne8 18. Qe2 Qd7 19. Rad1 e6 20. d5 exd5 21. Rxd5
Qe6 22. Rfd1 Kg8 23. f4 Ng7 24. Rd7 Rac8 25. Qf3 b6 26. Qb7 Qf5 27. Ne4 Ne6 28.
Nf6+ Kg7 29. R1d2 Nc5 30. Qf3 Nxd7 31. g4 Qe6 32. Nxd7 Rfd8 33. f5 Qe7 34. f6+
Qxf6 35. Qxf6+ Kg8 36. e6 fxe6 37. Qxe6+ Kg7 38. Rf2 Rf8 39. Nxf8 Rxf8 40. Qe7+
Kh6 41. Qxf8+ Kg5 42. Qf6+ Kh6 43. Rf3 c6 44. Rh3# {Black checkmated} 1-0

[Event "Team 45 45 League T91"]
[Site "Internet Chess Club"]
[Date "2022.01.27"]
[Round "3"]
[White "HomerSimpson"]
[Black "janh"]
[Result "1-0"]
[WhiteElo "2013"]
[BlackElo "1962"]
[Opening "Queen's pawn, Mason variation, Steinitz counter-gambit"]
[ECO "D00"]
[Time "22:13:21"]
[PlyCount "37"]
[TimeControl "2700+45"]

1. d4 d5 2. Bf4 c5 3. e3 Nc6 4. c3 Qb6 5. Qb3 c4 6. Qc2 Bf5 7. Qxf5 Qxb2 8. Qxd5
Qxa1 9. Qb5 O-O-O 10. Bxc4 e5 11. Ne2 exf4 12. O-O Bd6 13. Nd2 Qxf1+ 14. Nxf1
fxe3 15. Nxe3 Nge7 16. Bxf7 Kb8 17. Ng3 g6 18. Ne4 a6 19. Qb3 {Black resigns}
1-0

[Event "Team 45 45 League T91"]
[Site "Internet Chess Club"]
[Date "2022.01.28"]
[Round "3"]
[White "BuddyT"]
[Black "laurenpar"]
[Result "0-1"]
[WhiteElo "1550"]
[BlackElo "1956"]
[Opening "Queen's pawn"]
[ECO "A40"]
[Time "20:04:33"]
[PlyCount "47"]
[TimeControl "2700+45"]

1. d4 e6 2. Nc3 d5 3. Bf4 Nf6 4. e3 Bd6 5. Nf3 Bxf4 6. exf4 O-O 7. Bd3 b6 8. Qe2
c5 9. Qd2 Ba6 10. Bxa6 Nxa6 11. O-O cxd4 12. Qxd4 Nc5 13. Rfe1 Rc8 14. Rad1 Nce4
15. Nxe4 Nxe4 16. c3 Nd6 17. Ne5 a5 18. Qe3 b5 19. Qh3 Rc7 20. Re3 Qf6 21. Qg4
Qf5 22. Qh4 Qc2 23. Qg4 Qxb2 24. Qf5 {White resigns} 0-1

[Event "Team 45 45 League T91"]
[Site "Internet Chess Club"]
[Date "2022.01.30"]
[Round "3"]
[White "fishhead"]
[Black "LookImYourVader"]
[Result "1-0"]
[WhiteElo "1743"]
[BlackElo "1738"]
[Opening "Scandinavian: Marshall variation"]
[ECO "B01"]
[Time "15:30:42"]
[PlyCount "67"]
[TimeControl "2700+45"]

1. e4 d5 2. exd5 Nf6 3. d4 Nxd5 4. c4 Nb6 5. Be3 g6 6. Nc3 Bg7 7. Qd2 O-O 8.
O-O-O Nc6 9. f3 e5 10. d5 Ne7 11. g4 Bd7 12. b3 Rc8 13. h4 f5 14. c5 Na8 15. Bc4
Kh8 16. Be2 fxg4 17. fxg4 c6 18. h5 gxh5 19. Rxh5 Nxd5 20. Nxd5 cxd5 21. Qxd5
Bc6 22. Qc4 Qe7 23. Nh3 Nb6 24. Qc2 e4 25. Ng5 h6 26. Bd4 Bxd4 27. Rxh6+ Kg8 28.
Bc4+ Bd5 29. Rg6+ Bg7 30. Rxd5 Nxd5 31. Bxd5+ Rf7 32. Bxf7+ Kf8 33. Qc4 Rxc5 34.
Nh7# {Black checkmated} 1-0

[Event "Team 45 45 League T91"]
[Site "Internet Chess Club"]
[Date "2022.01.28"]
[Round "3"]
[White "Portola"]
[Black "QuieroAprender"]
[Result "1-0"]
[WhiteElo "1758"]
[BlackElo "1631"]
[Opening "Queen's pawn game"]
[ECO "A46"]
[Time "18:10:28"]
[PlyCount "51"]
[TimeControl "2700+45"]

1. d4 Nf6 2. Nf3 d6 3. c3 g6 4. Bg5 Bg7 5. e3 Bg4 6. Be2 Nbd7 7. Nbd2 c6 8. O-O
h6 9. Bf4 Nh5 10. Bg3 Nxg3 11. fxg3 Qb6 12. Nc4 Qc7 13. b4 d5 14. Ncd2 g5 15.
Rc1 Qd6 16. e4 dxe4 17. Nxe4 Qd5 18. Ned2 Qxa2 19. Bc4 Qa3 20. Bxf7+ Kxf7 21.
Ne5+ Ke8 22. Qxg4 Bxe5 23. dxe5 a5 24. Nc4 Qa2 25. Rf2 Qa4 26. Qxd7+ {Black
resigns} 1-0

[Event "Team 45 45 League T91"]
[Site "Internet Chess Club"]
[Date "2022.02.01"]
[Round "3"]
[White "Tufnell"]
[Black "jonesey"]
[Result "0-1"]
[WhiteElo "1898"]
[BlackElo "1873"]
[Opening "Ruy Lopez: Marshall, main line, 14...Qh3"]
[ECO "C89"]
[Time "14:00:25"]
[PlyCount "72"]
[TimeControl "2700+45"]

1. e4 e5 2. Nf3 Nc6 3. Bb5 a6 4. Ba4 Nf6 5. O-O Be7 6. Re1 b5 7. Bb3 O-O 8. c3
d5 9. exd5 Nxd5 10. Nxe5 Nxe5 11. Rxe5 c6 12. d4 Bd6 13. Re1 Qh4 14. g3 Qh3 15.
Qe2 Bg4 16. Qf1 Qh5 17. Nd2 f5 18. f3 Bh3 19. Qf2 Rae8 20. Rxe8 Rxe8 21. c4 Nb4
22. c5+ Kh8 23. cxd6 Nd3 24. d7 Nxf2 25. dxe8=R+ Qxe8 26. Kxf2 Qd7 27. Nf1 Qxd4+
28. Ne3 f4 29. gxf4 Qxf4 30. Ng4 Qd4+ 31. Kg3 Bxg4 32. fxg4 Qg1+ 33. Kf3 c5 34.
Be6 Qd1+ 35. Ke4 Qd4+ 36. Kf5 Qf6+ {White resigns} 0-1

[Event "Team 45 45 League T91"]
[Site "Internet Chess Club"]
[Date "2022.01.28"]
[Round "3"]
[White "BRJAK0530"]
[Black "Sloggi"]
[Result "0-1"]
[WhiteElo "1841"]
[BlackElo "1929"]
[Opening "Queen's gambit accepted"]
[ECO "D20"]
[Time "21:33:45"]
[PlyCount "56"]
[TimeControl "2700+45"]

1. d4 d5 2. c4 dxc4 3. e3 e5 4. Bxc4 exd4 5. exd4 Bd6 6. h3 h6 7. Nf3 Nf6 8. O-O
O-O 9. Qd3 Nc6 10. a3 Be6 11. Bxe6 fxe6 12. Nc3 Qd7 13. Nb5 Rad8 14. Re1 Qf7 15.
Nxd6 cxd6 16. Bd2 e5 17. dxe5 dxe5 18. Qc2 e4 19. Nh2 Nd4 20. Qa4 b5 21. Qa6 Nd5
22. Bxh6 Qxf2+ 23. Kh1 Rf6 24. Qxa7 Rxh6 25. Ng4 Rxh3+ 26. gxh3 Qf3+ 27. Kh2 Nf4
28. Nf6+ Kh8 {White resigns} 0-1

[Event "Team 45 45 League T91"]
[Site "Internet Chess Club"]
[Date "2022.01.28"]
[Round "3"]
[White "cadmiumorange"]
[Black "mmesser"]
[Result "1-0"]
[WhiteElo "1862"]
[BlackElo "1721"]
[Opening "Réti opening"]
[ECO "A04"]
[Time "14:01:20"]
[PlyCount "65"]
[TimeControl "2700+45"]

1. Nf3 e6 2. g3 Nf6 3. Bg2 d5 4. d3 c5 5. O-O Nc6 6. Nbd2 Qc7 7. e4 Be7 8. Re1
O-O 9. e5 Nd7 10. Qe2 f6 11. exf6 Nxf6 12. Nf1 Bd6 13. Bg5 Bd7 14. Ne3 Rae8 15.
Bxf6 Rxf6 16. Ng4 Rff8 17. Nge5 Rf5 18. Nxd7 Qxd7 19. Bh3 Rf6 20. c3 h6 21. Nh4
Qf7 22. f4 e5 23. f5 e4 24. Rad1 e3 25. d4 cxd4 26. cxd4 Re4 27. Bg2 Nxd4 28.
Qd3 Rxh4 29. gxh4 Bc5 30. Qc3 Rxf5 31. Qxc5 e2 32. Rxd4 Rf1+ 33. Bxf1 {Black
resigns} 1-0

[Event "Team 45 45 League T91"]
[Site "Internet Chess Club"]
[Date "2022.01.29"]
[Round "3"]
[White "pmarcal"]
[Black "KidRattler"]
[Result "1/2-1/2"]
[WhiteElo "1683"]
[BlackElo "1716"]
[Opening "Scandinavian (center counter) defense"]
[ECO "B01"]
[Time "20:23:09"]
[PlyCount "30"]
[TimeControl "2700+45"]

1. e4 d5 2. exd5 Qxd5 3. Nc3 Qd8 4. d4 Nf6 5. Nf3 a6 6. h3 Bf5 7. Bd3 Qc8 8. Bf4
Bxd3 9. Qxd3 e6 10. O-O c6 11. Ne4 Nxe4 12. Qxe4 Nd7 13. c4 Be7 14. Ne5 O-O 15.
Nxd7 Qxd7 {Game drawn by mutual agreement} 1/2-1/2

[Event "Team 45 45 League T91"]
[Site "Internet Chess Club"]
[Date "2022.01.30"]
[Round "3"]
[White "MrAbendroth"]
[Black "Portola"]
[Result "1-0"]
[WhiteElo "1726"]
[BlackElo "1740"]
[Opening "Queen's pawn, Mason variation"]
[ECO "D00"]
[Time "08:00:33"]
[PlyCount "93"]
[TimeControl "2700+45"]

1. d4 d5 2. Bf4 Nf6 3. e3 Bf5 4. Nd2 e6 5. Ngf3 h6 6. c4 c6 7. Be2 Nbd7 8. Ne5
Nxe5 9. dxe5 Nd7 10. g4 Bh7 11. h4 Nc5 12. O-O g5 13. hxg5 hxg5 14. Bg3 Qb6 15.
cxd5 exd5 16. Nf3 Ne6 17. Bd3 Be7 18. Bxh7 Rxh7 19. Qd3 Rh8 20. b4 Bxb4 21. Rab1
Qa5 22. Qf5 Ng7 23. Qxg5 Ne6 24. Qf5 Rg8 25. Kg2 Ng7 26. Qf4 c5 27. Ng5 Rf8 28.
Nh7 Rh8 29. Nf6+ Kf8 30. Nxd5 Qxa2 31. Nxb4 cxb4 32. Qxb4+ Kg8 33. Qxb7 Re8 34.
Qf3 Ne6 35. Ra1 Qc4 36. Rh1 Rxh1 37. Rxh1 Ng5 38. Qf6 Qd5+ 39. f3 Qd2+ 40. Bf2
Nh7 41. Qh6 a5 42. Qxh7+ Kf8 43. Qh6+ Ke7 44. Qf6+ Kd7 45. Qd6+ Qxd6 46. exd6
Kxd6 47. Rh6+ {Black resigns} 1-0

[Event "Team 45 45 League T91"]
[Site "Internet Chess Club"]
[Date "2022.01.29"]
[Round "3"]
[White "ivanson"]
[Black "sdcohle"]
[Result "1/2-1/2"]
[WhiteElo "1587"]
[BlackElo "1348"]
[Opening "French: Rubinstein variation"]
[ECO "C03"]
[Time "14:00:45"]
[PlyCount "112"]
[TimeControl "2700+45"]

1. e4 e6 2. d4 d5 3. Nd2 dxe4 4. Nxe4 Nd7 5. Nf3 Ngf6 6. Bd3 Be7 7. Qe2 O-O 8.
Bg5 b6 9. Nxf6+ Nxf6 10. Bxf6 Bxf6 11. Qe4 g6 12. Qxa8 Bxd4 13. O-O Bxb2 14.
Rad1 Qe7 15. Qe4 c5 16. h4 Bb7 17. Qe2 Bxf3 18. Qxf3 Qxh4 19. Rfe1 Qa4 20. Bf1
Qxc2 21. Rd7 Qa4 22. Red1 Bd4 23. R1xd4 cxd4 24. Qb7 Qxa2 25. Rxd4 Qa5 26. Rd7
h5 27. Bc4 Qe1+ 28. Bf1 Qa1 29. g3 Qa4 30. Ba6 Kg7 31. Qxa7 b5 32. Qd4+ Kg8 33.
Qxa4 bxa4 34. Rd4 a3 35. Ra4 Rd8 36. Rxa3 Rd6 37. Be2 Kg7 38. Ra7 Kf6 39. Bb5
Rd8 40. Kg2 Rb8 41. Ba4 Rc8 42. Kh3 g5 43. f3 Kg6 44. Rb7 g4+ 45. fxg4 hxg4+ 46.
Kg2 Rd8 47. Bb5 Rf8 48. Be2 f5 49. Rb6 Rf6 50. Bc4 e5 51. Rb8 Rd6 52. Rg8+ Kh7
53. Rf8 Kg6 54. Rg8+ Kf6 55. Rf8+ Kg6 56. Rg8+ Kf6 {Game drawn by mutual
agreement} 1/2-1/2

[Event "Team 45 45 League T91"]
[Site "Internet Chess Club"]
[Date "2022.01.29"]
[Round "3"]
[White "OGO"]
[Black "rubo"]
[Result "0-1"]
[WhiteElo "1256"]
[BlackElo "1495"]
[Opening "Budapest defense declined"]
[ECO "A51"]
[Time "21:00:44"]
[PlyCount "88"]
[TimeControl "2700+45"]

1. d4 Nf6 2. c4 e5 3. e3 exd4 4. exd4 Bb4+ 5. Bd2 Qe7+ 6. Qe2 Qxe2+ 7. Bxe2 Nc6
8. Nf3 d5 9. a3 Bxd2+ 10. Nbxd2 O-O 11. O-O Re8 12. Rfe1 Bg4 13. Rac1 Re7 14.
Kf1 Rae8 15. b4 dxc4 16. Bxc4 Rxe1+ 17. Rxe1 Rxe1+ 18. Kxe1 Kf8 19. Ng5 Bh5 20.
Ngf3 a6 21. h3 b5 22. Bb3 h6 23. g4 Bg6 24. Ke2 Ke7 25. Ke3 Kd6 26. Nh4 Nd5+ 27.
Bxd5 Kxd5 28. Nxg6 fxg6 29. Kd3 Nxd4 30. Ne4 Ne6 31. Nc3+ Ke5 32. Ke3 g5 33. Ne4
Kd5 34. Nc5 Nxc5 35. bxc5 Kxc5 36. f4 gxf4+ 37. Kxf4 Kd6 38. Ke4 c5 39. h4 g6
40. h5 gxh5 41. gxh5 c4 42. Kd4 a5 43. a4 Kc6 44. axb5+ Kxb5 {White resigns} 0-1

[Event "Team 45 45 League T91"]
[Site "Internet Chess Club"]
[Date "2022.01.28"]
[Round "3"]
[White "Signofthetimes"]
[Black "fhunfi"]
[Result "1/2-1/2"]
[WhiteElo "1530"]
[BlackElo "1643"]
[Opening "French defense"]
[ECO "C00"]
[Time "19:01:41"]
[PlyCount "67"]
[TimeControl "2700+45"]

1. e4 e6 2. Nf3 d5 3. exd5 exd5 4. d4 Bd6 5. Nc3 c6 6. Be3 Ne7 7. Be2 O-O 8. Qd2
Nf5 9. O-O-O b5 10. h3 a5 11. g4 Nxe3 12. fxe3 a4 13. Nb1 b4 14. c3 Ba6 15. Bxa6
Nxa6 16. Rde1 a3 17. b3 bxc3 18. Nxc3 Qa5 19. Kc2 Rfe8 20. Re2 Nb4+ 21. Kb1 Qa6
22. Rd1 Re7 23. Ne1 Rae8 24. Nc2 Nxc2 25. Kxc2 Bb4 26. Qd3 Qa5 27. Rde1 Qa7 28.
e4 Bxc3 29. Kxc3 dxe4 30. Rxe4 Rxe4 31. Rxe4 Rb8 32. Qc4 Qc7 33. Qe2 h6 34. Re8+
{Game drawn by mutual agreement} 1/2-1/2